 Dungeon Crawl Stone Soup version 0.24-a0-458-gfcb5e6da0e (webtiles) character file.

Game seed: 17244067988488961717

195 Mrkan the Ruffian (level 5, -5/50 HPs)
             Began as a Troll Abyssal Knight on June 27, 2019.
             Was a Believer of Lugonu.
             Slain by a mummy (15 damage)
             ... in an ossuary.
             The game lasted 00:05:41 (2003 turns).

Mrkan the Ruffian (Troll Abyssal Knight)            Turns: 2003, Time: 00:05:42

Health: -5/50      AC:  6    Str: 20    XL:     5   Next: 45%
Magic:  6/6        EV: 10    Int:  9    God:    Lugonu [**....]
Gold:   199        SH:  0    Dex:  9    Spells: 3/4 levels left

rFire    . . .     SeeInvis .     - Unarmed
rCold    . . .     Gourm    +   (no shield)
rNeg     . . .     Faith    .   a - +0 robe
rPois    .         Spirit   .   (helmet restricted)
rElec    .         Reflect  .   (no cloak)
rCorr    .         Harm     .   (gloves unavailable)
MR       .....                  (boots unavailable)
Stlth    +.........             (no amulet)
HPRegen  0.56/turn              (no ring)
MPRegen  0.10/turn              (no ring)

@: no status effects
A: large, unfitting armour, claws 3, fast metabolism 3, gourmand, regeneration
1, shaggy fur 1, tough skin 3, MP-powered wands
a: Depart the Abyss, Bend Space, Renounce Religion


You were in an ossuary.
You worshipped Lugonu.
Lugonu was pleased with you.
You were completely stuffed.

You visited 1 branch of the dungeon, and saw 4 of its levels.
You visited the Abyss 1 time.
You also visited: Ossuary.

You collected 199 gold pieces.

Inventory:

Missiles
 r - 8 boomerangs (quivered)
Armour
 a - a +0 robe (worn)
 f - a scarf of resistance
Jewellery
 e - an uncursed amulet of the gourmand {unknown}
 i - an uncursed ring of positive energy {unknown}
 o - an uncursed ring of poison resistance
Scrolls
 c - a scroll of fear {unknown}
 g - a scroll of identify {unknown}
 h - a scroll of magic mapping {unknown}
 n - 2 scrolls of immolation {unknown}
 q - a scroll of fog {unknown}
 t - 2 scrolls of blinking {unknown}
Potions
 d - 2 potions of curing
 j - a potion of lignification {unknown}
 k - a potion of degeneration {unknown}
 l - a potion of cancellation {unknown}
 m - a potion of berserk rage {unknown}
 p - a potion of ambrosia {unknown}
 s - a potion of agility {unknown}
 v - a potion of flight {unknown}
 w - a potion of resistance {unknown}
Comestibles
 b - 7 rations
 u - 9 chunks of flesh


   Skills:
 - Level 2.4 Fighting
 - Level 1.9 Dodging
 * Level 4.9 Unarmed Combat
 + Level 3.1 Invocations


You had 3 spell levels left.
You knew the following spells:

 Your Spells              Type           Power        Failure   Level  Hunger
a - Beastly Appendage     Tmut           #.....       38%         1    ##.....

Your spell library contained the following spells:

 Spells                   Type           Power        Failure   Level  Hunger
 Sticks to Snakes         Tmut           #.......     52%         2    ###....
 Spider Form              Tmut/Pois      #.........   77%         3    ####...
 Ice Form                 Ice/Tmut       #.......     99%         4    #####..
 Blade Hands              Tmut           #.........   100%        5    ######.


Dungeon Overview and Level Annotations

Branches:
Dungeon (4/15)
 Temple: D:4-7

Altars:
Zin

Shops:
D:4 !


Innate Abilities, Weirdness & Mutations

You are too large for most types of armour.
You have claws for hands.
Your metabolism is lightning-fast.
You like to eat raw meat.
Your natural rate of healing is unusually fast.
You are covered in fur. (AC +1)
You have extremely tough skin. (AC +3)
You expend magic power (3 MP) to strengthen your wands.


Message History

You scratch the mummy.
The mummy is almost destroyed.
You barely miss the mummy.
The mummy is almost destroyed.
The mummy barely misses you. The mummy hits you but does no damage.
The mummy hits you!
* * * LOW HITPOINT WARNING * * *
You feel better.
You completely miss the mummy.
The mummy is almost destroyed.
The mummy hits you.
* * * LOW HITPOINT WARNING * * *
The mummy hits you but does no damage. The mummy closely misses you.
You scratch the mummy.
The mummy is almost destroyed.
You barely miss the mummy.
The mummy is almost destroyed.
The big kobold zombie hits you but does no damage.
The mummy hits you!
You die...

#####
##...##
#..M..#
#.M@M.#
#..Z..#
#.....#
#..∩..#
#.....#
#..∩..#
#.....#
#^^...#
#...^.#


You could see 3 mummies and a big kobold zombie.

Vanquished Creatures
  Jessica (D:2)
  A worker ant (D:4)
  Robin (D:2)
  2 adders
  4 gnolls (D:4)
  2 dart slugs
  2 leopard geckos (D:3)
  An orc (D:3)
  8 giant cockroaches
  9 goblins
  10 hobgoblins
  3 jackals (D:2)
  A quokka (D:2)
  11 bats
  4 frilled lizards (D:2)
  A jackal skeleton (D:4)
  7 kobolds
  4 rats
72 creatures vanquished.

Notes
Turn   | Place    | Note
-------+----------+-------------------------------------------
     0 | Abyss:1  | Mrkan the Troll Abyssal Knight began the quest for the Orb.
     0 | Abyss:1  | Reached XP level 1. HP: 22/22 MP: 1/1
    66 | Abyss:1  | Noticed a starcursed mass
    69 | Abyss:1  | Noticed a neqoxec
    71 | Abyss:1  | Gained mutation: You expend magic power (3 MP) to
                  | strengthen your wands. [a neqoxec]
    75 | Abyss:1  | Noticed a small abomination
   108 | D:1      | Escaped the Abyss
   237 | D:1      | Reached XP level 2. HP: 29/29 MP: 2/2
   314 | D:1      | Reached * piety under Lugonu
   644 | D:2      | Reached skill level 3 in Unarmed Combat
   681 | D:2      | Reached XP level 3. HP: 31/36 MP: 3/3
   741 | D:2      | Noticed Jessica
   745 | D:2      | Killed Jessica
   781 | D:2      | Reached XP level 4. HP: 44/44 MP: 4/4
   802 | D:2      | Learned a level 1 spell: Beastly Appendage
   827 | D:2      | Noticed Robin
   838 | D:2      | Killed Robin
   846 | D:2      | Reached skill level 4 in Unarmed Combat
   926 | D:2      | Reached ** piety under Lugonu
  1772 | D:3      | You fall into a shaft and drop 1 floor!
  1772 | D:4      | Found Buleuh's Distillery.
  1789 | D:4      | Reached XP level 5. HP: 16/50 MP: 6/6
  1839 | D:3      | Found a glowing silver altar of Zin.
  1985 | D:4      | Found a sand-covered staircase.
  1990 | Ossuary  | Entered an ossuary
  1999 | Ossuary  | HP: 2/50 [mummy (14)]
  2003 | Ossuary  | Slain by a mummy

Levels and vault maps discovered:
D:1:      dpeg_arrival_fog, layout_rooms, serial_corexii_hall,
          chequers_hall_statues_corner_a, chequers_hall_statues_wall_a
D:2:      layout_loops_ring, kennysheep_path_1, minmay_worlds_worst_comb,
          uniq_robin, uniq_jessica
D:3:      layout_basic, nicolae_overflow_hidden_temple
D:4:      layout_loops_cross, enter_ossuary_2, first_ration, serial_shops,
          shop_fountains, st_stairs_7, minmay_shop_mayhem,
          kennysheep_generic_room_7, uniq_pikel
Ossuary:  ossuary_the_hunt_dpeg

Skill      XL: |  1  2  3  4 |
---------------+-------------+-----
Invocations    | 2 3 |  3.1
Unarmed Combat | 3 4 |  4.9
Fighting       | |  2.4
Dodging        | |  1.9

Action                   |  1- 3 |  4- 6 || total
-------------------------+-------+-------++-------
Melee: Unarmed           |    72 |   126 ||   198
       Punch             |       |     1 ||     1
Invok: Depart the Abyss  |     1 |       ||     1
  Use: Potion            |       |     2 ||     2
 Stab: Sleeping          |       |     1 ||     1
  Eat: Chunk             |     8 |    16 ||    24
Armor: Robe              |    41 |    42 ||    83
Dodge: Dodged            |    30 |    57 ||    87

Table legend:
 A = Non-vault XP
 B = Vault XP
 C = Vault XP percentage of total XP
 D = Non-vault monster count
 E = Vault monster count
 F = Vault count percentage of total count
                 A         B        C        D         E       F
            +---------+---------+-------+---------+---------+-------
      Total |     205 |      74 |  26.5 |      59 |      13 |  18.1
            +---------+---------+-------+---------+---------+-------
        D:1 |      23 |       0 |   0.0 |      15 |       0 |   0.0
        D:2 |      53 |      74 |  58.3 |      24 |      13 |  35.1
        D:3 |      39 |       0 |   0.0 |      14 |       0 |   0.0
        D:4 |      90 |       0 |   0.0 |       6 |       0 |   0.0
            +---------+---------+-------+---------+---------+-------
